 Dungeon Crawl Stone Soup version 0.30-a0-948-g4fa250aae5 (webtiles) character file.

Game seed: 3801721316493432534

2040 xian the Skirmisher (level 9, 0/66 (67) HPs)
             Began as a Formicid Hunter on Mar 27, 2023.
             Was an Initiate of Okawaru.
             Slain by a killer bee (6 damage)
             ... on level 7 of the Dungeon.
             The game lasted 00:20:06 (5945 turns).

xian the Skirmisher (Formicid Hunter)               Turns: 5945, Time: 00:20:06

HP:   0/66 (67)     AC: 14    Str: 22    XL:     9   Next: 48%
MP:   9/9           EV: 13    Int:  5    God:    Okawaru [......]
Gold: 298           SH: 10    Dex: 20    Spells: 8/8 levels left

rFire   + + .      SeeInvis +    B - +11 halberd of Gehenna {heavy, rF+ rC++ rCorr Int-4}
rCold   + + .      Faith    .    p - +0 buckler
rNeg    . . .      Spirit   .    z - +5 ring mail "Upunkay" {rF+ Will- Str+2 Dex+3}
rPois   .          Reflect  +    (helmet unavailable)
rElec   .          Rampage  .    (no cloak)
rCorr   +                        c - +0 pair of gloves
Will    .....                    q - +1 pair of boots
Stlth   ++                       u - amulet of reflection
HPRegen 0.31/turn                e - ring of flight
MPRegen 0.11/turn                (no ring)

@: lethally poisoned (0 -> -7), flying, lightly drained
A: permanent stasis, dig shafts and tunnels, antennae 3, four strong arms
a: Dig, Shaft Self, Renounce Religion


You were on level 7 of the Dungeon.
You worshipped Okawaru.
Okawaru was noncommittal.
You visited 2 branches of the dungeon, and saw 9 of its levels.

You collected 532 gold pieces.
You spent 234 gold pieces at shops.

Inventory:

Hand Weapons
 a - a +0 shortbow
 B - the +11 halberd of Gehenna (weapon) {heavy, rF+ rC++ rCorr Int-4}
   (You bought it in a shop on level 7 of the Dungeon)

   Int:       It affects your intelligence (-4).
   rF:        It protects you from fire.
   rC:        It greatly protects you from cold.
   rCorr:     It protects you from acid and corrosion.
Armour
 c - a +0 pair of gloves (worn)
 g - an orb of mayhem
 p - a +0 buckler (worn)
 q - a +1 pair of boots (worn)
 z - the +5 ring mail "Upunkay" (worn) {rF+ Will- Str+2 Dex+3}
   (You found it on level 5 of the Dungeon)

   Str:       It affects your strength (+2).
   Dex:       It affects your dexterity (+3).
   rF:        It protects you from fire.
   Will:      It decreases your willpower.
Jewellery
 e - a ring of flight (left hand)
 u - an amulet of reflection (around neck)
Wands
 m - a wand of digging (4)
 r - a wand of iceblast (16)
 A - a wand of polymorph (8)
Scrolls
 b - 2 scrolls of immolation
 k - 3 scrolls of poison
 l - 3 scrolls of fear
 n - a scroll of magic mapping
 t - a scroll of fog
 y - a scroll of enchant weapon
 C - a scroll of vulnerability {unknown}
Potions
 d - a potion of lignification
 f - 4 potions of curing {unknown}
 h - 6 potions of heal wounds
 i - 4 potions of ambrosia
 j - a potion of invisibility
 o - a potion of resistance {unknown}
 s - a potion of attraction {unknown}
 v - a potion of berserk rage {unknown}
 w - a potion of might {unknown}
 x - a potion of flight


   Skills:
 + Level 4.9 Fighting
 + Level 0.4 Short Blades
 + Level 3.2 Axes
 + Level 9.1 Ranged Weapons
 + Level 4.8 Armour
 + Level 3.8 Dodging
 + Level 2.5 Stealth
 + Level 1.7 Shields
 + Level 1.1 Unarmed Combat


You had 8 spell levels left.
You didn't know any spells.
Your spell library contained the following spells:

 Spells                   Type           Power      Damage    Failure   Level
 Necrotise                Necr           0%         1d4       71%         1
 Portal Projectile        Hex/Tloc       0%         N/A       97%         3
 Vampiric Draining        Necr           0%         2d6       97%         3
 Leda's Liquefaction      Hex/Erth       0%         N/A       100%        4
 Agony                    Necr           0%         N/A       100%        5
 Call Canine Familiar     Summ           Unusable   N/A       N/A         3

Dungeon Overview and Level Annotations

Branches:
Dungeon (8/15)             Temple (1/1) D:7
   Lair: D:8-11

Altars:
Cheibriados
Dithmenos
Elyvilon
Fedhas
Gozag
Hepliaklqana
Kikubaaqudgha
Nemelex Xobeh
Okawaru
Sif Muna
Trog
Uskayaw
Vehumet
Wu Jian
Xom
Yredelemnul
Zin
The Shining One

Shops:
D:1 [   D:7 (

Annotations:
D:6 3 runed translucent doors, ZappyNine's ghost, novice DrFi


Innate Abilities, Weirdness & Mutations

You cannot be hasted, slowed, berserked, paralysed or teleported.
You can dig through walls and to a lower floor.
You have a pair of large antennae on your head. (SInv)
Your four strong arms can wield two-handed weapons with a shield.


Message History

The killer bee closely misses you. You block the killer bee's attack.
The killer bee stings you.
You are more poisoned.
The killer bee poisons you!
The killer bee attacks as you move away!
The killer bee closely misses you.
The killer bee attacks as you move away!
The killer bee closely misses you.
You feel very sick. The killer bee misses you.
There is an escape hatch in the ceiling here.
You feel sick. The killer bee misses you. You block the killer bee's attack.
The killer bee stings you but does no damage.
The killer bee stings you.
You are more poisoned.
The killer bee poisons you! The killer bee closely misses you.
You block the killer bee's attack. The killer bee barely misses you.
The killer bee stings you. A mysterious force pulls you upwards.
The hatch slams shut behind you.
You feel sick.
You slash the killer bee!
You kill the killer bee!
Okawaru accepts your kill.
You feel very sick. The killer bee misses you. The killer bee stings you.
* * * LOW HITPOINT WARNING * * *
You are lethally poisoned!
The killer bee poisons you! You block the killer bee's attack.
The killer bee barely misses you. The killer bee misses you.
The killer bee closely misses you. The killer bee stings you.
* * * LOW HITPOINT WARNING * * *
The killer bee misses you.
You impale the killer bee!!
You kill the killer bee!
Okawaru accepts your kill.
* * * LOW HITPOINT WARNING * * *
You feel very sick.
The killer bee stings you but does no damage. x3
The killer bee stings you.
You die...

##.....##.)........!.#
#.......####.........#
#....##'####(........#
#.###.'∩+.##.........#
......#+#............#
#...................^#
...###...###.........#
....##....####.#†#####
###...##........@#
###........#.y.#####
#####.#.))##.....# ##
#........##### .#
##....#### .####
#....# ....# #....#
...(# #....# .####
######


You could see a killer bee.

Vanquished Creatures
  Eustachio (D:6)
  Menkaure (D:6)
  A water moccasin (D:7)
  A black bear (D:5)
  An ogre (D:6)
  5 kobold brigands
  A bullfrog (D:7)
  A scorpion (D:6)
  3 wights (D:8)
  3 killer bees
  6 hounds
  3 orc priests
  2 sleepcaps
  Ijyb (D:5)
  4 iguanas
  3 orc wizards (D:5)
  6 gnolls (D:4)
  4 adders
  2 white imps (D:6)
  An ufetubus (D:6)
  2 worms
  3 dart slugs
  10 orcs
  6 bats
  7 endoplasms
  4 giant cockroaches
  8 goblins
  11 hobgoblins
  8 jackals
  59 kobolds
  2 quokkas (D:5)
  7 ball pythons
  4 frilled lizards
  6 rats
187 creatures vanquished.

Notes
Turn   | Place    | Note
-------+----------+-------------------------------------------
     0 | D:1      | xian the Formicid Hunter began the quest for the Orb.
     0 | D:1      | Reached XP level 1. HP: 16/16 MP: 1/1
   126 | D:1      | Reached XP level 2. HP: 22/22 MP: 2/2
   327 | D:1      | Reached XP level 3. HP: 20/27 MP: 3/3
   435 | D:1      | Found Jettan's Armour Shop.
   658 | D:1      | Reached skill level 5 in Ranged Weapons
   817 | D:2      | Reached XP level 4. HP: 23/34 MP: 4/4
  1539 | D:3      | Reached skill level 1 in Armour
  1539 | D:3      | Reached XP level 5. HP: 35/39 MP: 5/5
  2013 | D:4      | Identified the +0 robe of the Red Skies {Will+ Regen+
                  | Dex-4}
  2206 | D:4      | Reached skill level 6 in Ranged Weapons
  2206 | D:4      | Reached XP level 6. HP: 46/46 MP: 6/6
  2666 | D:4      | Reached XP level 7. HP: 41/52 MP: 7/7
  2844 | D:4      | Reached skill level 1 in Axes
  2976 | D:4      | Reached skill level 7 in Ranged Weapons
  3321 | D:5      | Entered Level 5 of the Dungeon
  3694 | D:5      | Reached XP level 8. HP: 60/60 MP: 8/8
  3712 | D:5      | Identified the +5 ring mail "Upunkay" {rF+ Will- Str+2
                  | Dex+3}
  3716 | D:5      | Noticed Ijyb
  3731 | D:5      | Killed Ijyb
  4179 | D:6      | Noticed Menkaure
  4186 | D:6      | Killed Menkaure
  4187 | D:6      | Reached skill level 8 in Ranged Weapons
  4337 | D:6      | Found a runed translucent gate.
  4343 | D:6      | Found a runed translucent gate.
  4344 | D:6      | Found a runed translucent gate.
  4401 | D:6      | Noticed Eustachio
  4405 | D:6      | Reached skill level 1 in Unarmed Combat
  4446 | D:6      | Killed Eustachio
  4447 | D:6      | Reached skill level 1 in Shields
  4447 | D:6      | Reached XP level 9. HP: 19/66 MP: 9/9
  4752 | D:6      | Noticed ZappyNine's ghost (novice DrFi)
  5401 | D:7      | Found Wemuyps's Antique Weapon Emporium.
  5404 | D:7      | Bought a jewelled halberd for 234 gold pieces
  5404 | D:7      | Identified the +11 halberd of Gehenna {heavy, rF+ rC++
                  | rCorr Int-4} (You bought it in a shop on level 7 of the
                  | Dungeon)
  5437 | D:7      | Found a staircase to the Ecumenical Temple.
  5451 | Temple   | Entered the Ecumenical Temple
  5709 | Temple   | Became a worshipper of Warmaster Okawaru
  5827 | D:8      | Reached skill level 9 in Ranged Weapons
  5945 | D:7      | Slain by a killer bee

Illustrated notes

Levels and vault maps discovered:
D:1:      co_arrival_random_square_maze, layout_basic, serial_shops,
          nicolae_square_shop, moated_statue, feat_on_display
D:2:      layout_basic
D:3:      layout_rooms
D:4:      minmay_goblin_kobold_castle, layout_rooms, minmay_misc_feat_hallway
D:5:      layout_cave_pools, serial_column_ruins, column_ruins_open_small,
          column_ruins_open_medium_water, column_ruins_columns_T,
          column_ruins_open_tiny, uniq_ijyb
D:6:      layout_rooms, gammafunk_ghost_necromancy, uniq_menkaure,
          uniq_eustachio
D:7:      layout_rooms, minmay_temple_entry_poolview, serial_shops,
          kennysheep_mini
D:8:      minmay_s_stair_smasher, layout_gridville, kennysheep_generic_room_5
Temple:   mainiacjoe_temple_big_plus

Skill      XL: |  1  2  3  4  5  6  7  8  9 |
---------------+----------------------------+-----
Ranged Weapons | 5 6 7 8 9 |  9.1
Dodging        | 2 3 |  3.8
Armour         | 1 2 3 4 |  4.8
Fighting       | 3 4 |  4.9
Axes           | 1 2 3 |  3.2
Unarmed Combat | 1 |  1.1
Shields        | 1 |  1.7
Stealth        | 2 |  2.5
Short Blades   | |  0.4

Action                     |  1- 3 |  4- 6 |  7- 9 || total
---------------------------+-------+-------+-------++-------
  Melee: Short sword       |       |    11 |       ||    11
         Hand axe          |       |    14 |    74 ||    88
         Punch             |       |     1 |       ||     1
         Unarmed           |       |       |    25 ||    25
         Halberd           |       |       |    12 ||    12
   Fire: Shortbow          |   118 |   155 |   210 ||   483
Ability: Dig               |     2 |     4 |       ||     6
    Use: Scroll            |       |     9 |     7 ||    16
         Potion            |       |     2 |       ||     2
   Stab: Confused          |       |       |     1 ||     1
 Armour: Leather armour    |    19 |    19 |       ||    38
         Ring mail         |       |    26 |   110 ||   136
         Skin              |       |    29 |     5 ||    34
  Dodge: Dodged            |    57 |    80 |   243 ||   380
  Block: Buckler           |       |       |    60 ||    60

Table legend: (Time is in decaauts)
 A = Elapsed time spent in this place.
 B = Non-inter-level travel time spent in this place.
 C = Inter-level travel time spent in this place.
 D = Time resting spent in this place.
 E = Time spent auto-exploring this place.
 F = Levels seen in this place.
 G = Mean time per level.
                   A        B        C        D        E       F      G
               +--------+--------+--------+--------+--------+-----+--------+
         Total |   6086 |   5939 |    147 |      0 |   4404 |   9 |  676.2 |
       Dungeon |   5787 |   5662 |    125 |      0 |   4153 |   8 |  723.4 |
        Temple |    299 |    277 |     22 |      0 |    251 |   1 |  299.0 |
               +--------+--------+--------+--------+--------+-----+--------+

Top non-repeatable levels by time:
     D:4: 1749 daAuts
     D:6: 896 daAuts
     D:1: 830 daAuts
     D:5: 694 daAuts
     D:2: 558 daAuts
     D:7: 464 daAuts
     D:3: 447 daAuts
  Temple: 299 daAuts
     D:8: 146 daAuts
